Map: Catalyst LE

Players

RiSky - Winner!

  • Race: Zerg Zerg
  • League: Master
  • Spawn Location: 5:00

Guru

  • Race: Zerg Zerg
  • Spawn Location: 11:00

VOD

Have the link to the VOD?

Description

Time

  • Played on: Nov. 19, 2017, 2:18 p.m.
  • Length: 13:58
Show
View Real Time Build Order
Export as new Build Order

RiSky Zerg - Winner!

Build Orders: Hatch First, Lurkers 

Get SALT Encoding   

  12  0:01  Drone  
  13  0:13  Overlord  
  13  0:17  Drone  
  14  0:31  Drone x2  
  14  0:34  Drone  
  17  0:52  Hatchery  
  17  0:55  Drone  
  17  0:57  Drone  
  17  1:02  Extractor  
  17  1:13  Spawning Pool  
  17  1:16  Drone  
  17  1:20  Drone  
  18  1:28  Drone  
  19  1:39  Overlord  
  19  1:49  Drone  
  20  2:00  Queen, Zergling x2  
  23  2:03  Metabolic Boost  
  23  2:04  Queen  
  23  2:07  Drone  
  26  2:11  Drone  
  27  2:16  Drone  
  28  2:24  Drone  
  28  2:26  Drone  
  30  2:39  Drone, Hatchery  
  30  2:42  Overlord  
  30  2:45  Drone  
  30  2:47  Zergling x2  
  32  2:54  Baneling Nest  
  32  2:55  Drone  
  32  2:59  Drone  
  33  3:09  Drone x2  
  33  3:10  Overlord  
  33  3:11  Drone  
  33  3:12  Drone  
  37  3:18  Drone  
  37  3:19  Drone  
  39  3:21  Drone x2  
  39  3:22  Drone  
  39  3:25  Queen  
  44  3:29  Overlord  
  44  3:32  Zergling x2  
  45  3:38  Baneling x2, Drone  
  45  3:39  Drone x2  
  48  3:43  Drone  
  48  3:44  Zergling x2  
  48  3:48  Drone  
  51  3:50  Extractor  
  51  3:51  Drone  
  51  3:52  Drone  
  51  3:53  Evolution Chamber  
  50  3:57  Drone  
  50  3:59  Drone  
  52  4:03  Drone  
  52  4:04  Extractor  
  52  4:05  Drone  
  52  4:07  Drone, Roach Warren  
  53  4:10  Drone  
  53  4:13  Drone  
  53  4:15  Overlord  
  53  4:16  Baneling  
  55  4:19  Zergling x2  
  55  4:20  Zergling x4  
  55  4:22  Zergling x2  
  59  4:27  Zergling x2  
  59  4:30  Drone  
  61  4:34  Drone  
  61  4:36  Drone  
  63  4:41  Zerg Missile Weapons Level 1  
  62  4:48  Roach x4  
  62  4:49  Roach  
  62  4:50  Drone  
  62  4:52  Overlord  
  73  4:53  Overlord  
  73  4:58  Overlord  
  73  5:00  Overlord  
  73  5:02  Baneling x2  
  73  5:07  Overlord x2  
  79  5:14  Roach x6  
  79  5:17  Overlord  
  79  5:20  Lair  
  85  5:21  Overlord  
  85  5:22  Drone  
  85  5:23  Drone  
  85  5:27  Extractor  
  85  5:28  Drone x3  
  89  5:29  Drone  
  89  5:30  Drone  
  91  5:38  Drone  
  91  5:39  Overlord  
  91  5:40  Drone x2  
  94  5:44  Drone x2  
  94  5:48  Drone  
  97  5:51  Extractor  
  97  5:52  Overlord  
  97  5:53  Extractor  
  97  5:54  Drone x2  
  97  5:56  Drone  
  95  5:57  Drone  
  95  6:00  Drone  
  98  6:04  Drone  
  98  6:09  Drone  
  98  6:10  Baneling x2  
  98  6:12  Drone x2  
  99  6:19  Drone x2  
  99  6:22  Hatchery  
  99  6:24  Hydralisk Den, Drone x2  
  99  6:25  Pneumatized Carapace, Drone x2  
  102  6:26  Drone x5  
  102  6:29  Overlord  
  102  6:31  Glial Reconstitution  
  108  6:37  Overlord  
  108  6:47  Overlord  
  108  6:48  Roach x2  
  108  6:49  Roach x2  
  115  6:55  Roach  
  115  6:56  Roach x3  
  115  6:58  Overlord  
  122  7:03  Muscular Augments  
  122  7:04  Overlord  
  122  7:08  Roach x8  
  131  7:14  Roach x2  
  139  7:20  Roach  
  141  7:26  Roach x2  
  141  7:27  Roach x4  
  141  7:29  Ravager  
  157  7:30  Ravager x3  
  157  7:31  Zerg Missile Weapons Level 2  
  157  7:34  Roach x3, Unknown  
  163  7:38  Overlord  
  163  7:40  Roach x2  
  163  7:41  Roach  
  163  7:44  Roach  
  171  7:45  Overlord  
  171  7:49  Roach x2  
  175  7:52  Overlord  
  175  7:56  Overlord  
  175  8:04  Hydralisk x6  
  185  8:09  Hydralisk x3  
  191  8:13  Hydralisk x2  
  194  8:27  Infestation Pit  
  194  8:28  Extractor  
  194  8:29  Extractor  
  191  8:34  Hydralisk x3, Lurker Den  
  191  8:38  Drone x2  
  191  8:39  Drone x2  
  191  8:41  Unknown  
  200  8:53  Evolution Chamber  
  199  9:10  Hive  
  199  9:24  Spine Crawler  
  199  9:25  Unknown  
  199  9:26  Spine Crawler  
  199  9:27  Spine Crawler  
  196  9:33  Zerg Ground Armor Level 1  
  196  10:02  Hatchery  
  195  10:26  Adaptive Talons  
  195  10:29  Zerg Missile Weapons Level 3  
  191  10:46  Spine Crawler, Drone x3  
  193  10:53  Extractor  
  193  10:55  Extractor, Unknown x3  
  183  11:10  Hydralisk  
  183  11:11  Hydralisk x9  
  195  11:22  Roach Warren  
  189  11:29  Lurker x14  
  186  11:33  Hydralisk x7  
  200  11:49  Overseer  
  200  11:50  Overseer x3  
  200  11:56  Unknown x2  
  200  12:00  Unknown  
  200  12:29  Roach  
  192  12:38  Lurker x8  
  190  12:45  Roach  
  190  12:46  Roach x6  
  190  12:56  Roach  
  190  12:57  Roach x7  
  197  13:01  Roach x8  
  197  13:04  Roach  
  197  13:05  Roach x3, Overlord  
  191  13:16  Overlord  
  191  13:23  Overlord  
  191  13:26  Overseer x7  
  191  13:27  Overseer  
  187  13:28  Hydralisk x2, Overseer  
  187  13:33  Spore Crawler  
  179  13:35  Spore Crawler  
  179  13:36  Spore Crawler  
  179  13:37  Spore Crawler x3  
  179  13:39  Spore Crawler  
Show
View Real Time Build Order
Export as new Build Order

Guru Zerg 

Build Orders: Hatch First 

Get SALT Encoding   

  12  0:01  Drone  
  13  0:12  Overlord  
  13  0:17  Drone  
  14  0:30  Drone x2  
  16  0:36  Drone  
  17  0:52  Hatchery  
  17  0:55  Drone  
  17  0:58  Drone  
  18  1:09  Extractor  
  17  1:14  Spawning Pool  
  17  1:17  Drone  
  17  1:20  Drone  
  18  1:29  Drone  
  19  1:46  Overlord  
  19  2:00  Queen  
  21  2:01  Zergling x2  
  21  2:04  Queen  
  21  2:06  Zergling x2  
  26  2:08  Drone  
  26  2:10  Metabolic Boost  
  26  2:11  Drone  
  27  2:18  Drone  
  28  2:23  Drone  
  29  2:35  Hatchery  
  28  2:38  Drone  
  28  2:40  Drone  
  30  2:47  Baneling Nest  
  30  2:48  Drone  
  30  2:53  Overlord  
  30  2:56  Drone  
  31  3:00  Drone  
  31  3:02  Drone  
  33  3:10  Drone  
  33  3:12  Drone x3  
  37  3:17  Zergling x2  
  37  3:18  Zergling x2  
  39  3:22  Zergling x4  
  39  3:23  Zergling x2  
  42  3:31  Baneling x2  
  42  3:32  Baneling x2  
  42  3:33  Overlord  
  42  3:35  Drone x2  
  44  3:47  Drone x3  
  44  3:48  Drone x3  
  50  3:54  Roach Warren  
  49  4:01  Queen  
  50  4:04  Extractor  
  50  4:06  Evolution Chamber, Drone, Zergling x4  
  50  4:07  Drone  
  52  4:17  Drone  
  52  4:18  Drone x2  
  52  4:19  Extractor, Drone x3  
  57  4:31  Overlord  
  57  4:35  Drone  
  58  4:42  Drone  
  57  4:46  Zerg Missile Weapons Level 1  
  57  4:49  Overlord, Lair  
  57  4:51  Drone x5  
  62  4:54  Drone  
  62  4:55  Drone x3  
  66  5:09  Extractor, Overlord  
  65  5:14  Drone x3  
  65  5:16  Drone x2  
  65  5:19  Drone x3  
  65  5:20  Overlord  
  65  5:21  Overlord  
  73  5:22  Overlord  
  73  5:26  Overlord  
  72  5:30  Baneling x2  
  72  5:33  Extractor  
  72  5:34  Extractor, Drone x2  
  72  5:35  Drone x3  
  74  5:36  Overlord, Drone  
  74  5:38  Roach  
  78  5:46  Overlord  
  78  5:48  Roach x2  
  78  5:49  Glial Reconstitution  
  82  5:51  Roach  
  82  5:52  Roach  
  82  5:53  Roach x3  
  91  5:57  Roach x3  
  91  6:00  Roach  
  91  6:02  Drone  
  100  6:05  Drone  
  100  6:07  Roach  
  100  6:09  Overlord  
  100  6:11  Queen  
  103  6:13  Roach x2  
  106  6:21  Ravager x5  
  106  6:22  Ravager x2  
  113  6:26  Roach x4  
  113  6:28  Roach x2  
  113  6:32  Roach x2  
  129  6:33  Roach, Overlord  
  131  6:42  Roach, Hatchery  
  131  6:44  Zerg Missile Weapons Level 2  
  132  6:48  Evolution Chamber, Drone  
  132  6:51  Drone x2  
  132  6:52  Drone x2  
  132  6:54  Drone  
  133  7:09  Drone x2  
  133  7:11  Roach x5  
  133  7:12  Overlord  
  133  7:15  Overlord, Overseer  
  145  7:17  Ravager  
  145  7:21  Zerg Ground Armor Level 1  
  146  7:35  Roach x4  
  146  7:36  Roach  
  156  7:37  Roach x3  
  156  7:39  Overlord  
  156  7:40  Overlord x3  
  162  7:48  Overlord  
  162  7:50  Pneumatized Carapace  
  162  7:55  Overlord  
  162  7:57  Overlord  
  162  8:00  Roach x2  
  162  8:04  Roach  
  162  8:05  Roach x3  
  172  8:14  Roach x3  
  172  8:16  Hydralisk Den  
  172  8:18  Roach x3  
  183  8:22  Roach x2  
  183  8:25  Roach  
  183  8:26  Roach x2, Overseer  
  193  8:28  Roach  
  193  8:32  Roach x2  
  199  8:36  Spore Crawler  
  199  8:39  Roach  
  200  8:56  Muscular Augments  
  200  9:00  Lurker Den  
  200  9:02  Spine Crawler x2  
  197  9:03  Spore Crawler, Drone  
  197  9:04  Spine Crawler x2, Drone  
  197  9:06  Hydralisk x2  
  200  9:12  Infestation Pit, Spine Crawler x2, Spore Crawler  
  200  9:13  Drone  
  197  9:27  Drone  
  197  9:28  Drone x2  
  200  9:33  Zerg Ground Armor Level 2  
  200  9:37  Spire  
  199  9:38  Drone  
  200  9:56  Overlord  
  200  10:11  Overlord  
  200  10:13  Hive  
  196  10:26  Extractor  
  196  10:28  Drone x3  
  196  10:29  Extractor, Drone x2  
  196  10:30  Drone  
  196  10:33  Lurker x2  
  192  10:58  Drone  
  190  11:19  Overlord  
  190  11:22  Overlord  
  189  11:29  Greater Spire  
  177  11:34  Hydralisk  
  177  11:35  Hydralisk x10  
  191  11:43  Drone  
  192  11:48  Spire  
  191  12:06  Corruptor x2  
  182  12:30  Corruptor x3  
  182  12:31  Corruptor  
  178  12:39  Overlord  
  142  12:52  Hydralisk x2  
  129  13:00  Hydralisk  
  129  13:01  Mutalisk x13  
  129  13:02  Mutalisk x6  
  155  13:09  Zergling x2  
  155  13:11  Zergling x2  
  155  13:12  Zergling x36  
  165  13:14  Mutalisk  
  167  13:20  Overseer  
  107  13:35  Drone x3  
  107  13:36  Drone  
Tags
 
Composition
Lurkers
League
Master
Matchup
ZvZ
Player
GuruRiSky
Race
Zerg
Spawn Locations
Cross Positions
Add a new tag
Caveats
  • Supply blocks, unpowered buildings, or Contaminate may cause inaccurate times.
  • Supply counts are checked every 10 seconds.